 Dungeon Crawl Stone Soup version 0.21-a0-128-gf2b353c (webtiles) character file.

4899 GlassEater the Grappler (level 10, -13/91 HPs)
             Began as a Troll Hunter on July 16, 2017.
             Was a Believer of Okawaru.
             Mangled by a ten-headed hydra (17 damage)
             ... on level 8 of the Dungeon.
             The game lasted 00:19:54 (6760 turns).

GlassEater the Grappler (Troll Hunter)              Turns: 6760, Time: 00:19:55

Health: -13/91     AC: 15    Str: 25    XL:     10   Next: 27%
Magic:  9/9        EV: 10    Int:  9    God:    Okawaru [**....]
Gold:   372        SH: 14    Dex: 10    Spells: 9/9 levels left

rFire    . . .     SeeInvis .     - Unarmed
rCold    . . .     Gourm    +   s - +3 shield
rNeg     . . .     Faith    .   p - +1 robe of Lucesm {rCorr Slay+2}
rPois    .         Spirit   .   (helmet restricted)
rElec    .         Reflect  +   (no cloak)
rCorr    +         Harm     .   (gloves unavailable)
MR       .....                  (boots unavailable)
Stlth    +.........             l - +2 amulet of reflection
HPRegen  0.65/turn              t - +5 ring of protection
MPRegen  0.11/turn              i - +2 ring of protection

@: no status effects
A: unfitting armour, claws 3, icy blue scales 1, clever 1, fast metabolism 3,
gourmand, mutation resistance 1, regeneration 1, shaggy fur 1, tough skin 2,
wild magic 1
a: Heroism, Renounce Religion


You were on level 8 of the Dungeon.
You worshipped Okawaru.
Okawaru was pleased with you.
You were completely stuffed.

You visited 2 branches of the dungeon, and saw 9 of its levels.

You collected 372 gold pieces.

Inventory:

Missiles
 c - 4 large rocks
 d - 3 throwing nets
 j - 4 tomahawks of returning
 k - 120 stones
 r - 4 tomahawks (quivered)
Armour
 p - the +1 robe of Lucesm (worn) {rCorr Slay+2}
   (You found it on level 8 of the Dungeon)

   It affects your accuracy and damage with ranged weapons and melee attacks
   (+2).
   It protects you from acid and corrosion.
 s - a +3 shield (worn)
Jewellery
 i - a +2 ring of protection (right claw)
 l - a +2 amulet of reflection (around neck)
 t - a +5 ring of protection (left claw)
Scrolls
 a - 2 scrolls of teleportation
 g - a scroll of remove curse
 m - a scroll of enchant weapon
Potions
 b - a potion of haste
 e - 2 potions of flight
 o - a potion of curing
 u - a potion of ambrosia {unknown}
 z - a potion of invisibility {unknown}
 A - a potion of resistance
Comestibles
 f - 8 bread rations
 h - 2 meat rations
 n - 7 royal jellies
 q - 12 fruits


   Skills:
 + Level 3.0 Fighting
 + Level 8.0 Throwing
 + Level 5.7 Dodging
 - Level 0.3 Stealth
 + Level 3.3 Shields
 + Level 9.9 Unarmed Combat


You had 9 spell levels left.
You didn't know any spells.

Dungeon Overview and Level Annotations

Branches:
Dungeon (8/15)             Temple (1/1) D:5
   Lair: D:8-11

Altars:
Ashenzari
Cheibriados
Dithmenos
Elyvilon
Fedhas
Gozag
Hepliaklqana
Makhleb
Nemelex Xobeh
Okawaru
Qazlal
Ru
Sif Muna
Trog
Uskayaw
Vehumet
Wu Jian
Xom
Yredelemnul
Zin
The Shining One

Shops:
D:7 *


Innate Abilities, Weirdness & Mutations

You are too large for most types of armour.
You have claws for hands.
Your metabolism is lightning-fast.
You like to eat raw meat.
Your natural rate of healing is unusually fast.
You are covered in fur. (AC +1)
You have very tough skin. (AC +2)
You are partially covered in icy blue scales. (AC +2)
Your mind is acute. (Int +2)
You are somewhat resistant to further mutation.
Your spells are a little harder to cast, but a little more powerful.


Message History

Unknown command.
You barely miss the nine-headed hydra.
The nine-headed hydra is heavily wounded.
The nine-headed hydra bites you but does no damage. x2
You block the nine-headed hydra's attack.
The nine-headed hydra bites you.
* * * LOW HITPOINT WARNING * * *
The nine-headed hydra bites you but does no damage.
You block the nine-headed hydra's attack.
The nine-headed hydra bites you but does no damage. x3
You tear one of the nine-headed hydra's heads off!
The eight-headed hydra grows two more!
You claw the ten-headed hydra!
The ten-headed hydra is heavily wounded.
The ten-headed hydra bites you.
* * * LOW HITPOINT WARNING * * *
You block the ten-headed hydra's attack. x2
The ten-headed hydra barely misses you.
The ten-headed hydra closely misses you.
The ten-headed hydra barely misses you. x2; The ten-headed hydra bites you!
You die...

#..................#.##..##.#.
###...######.###.....##..##...
#[..# #..##.#.#.##..##.#.
################.##.#.#..........
.......###.......##.#.########.#.
........##..........#.# ####.
........##........###.# #....
........###+#####.###.#########..
..............KD@................
............##.##.....####.###...
...)...#######.##.....# #.##....
......÷.# #.##.....# #.##...#
...####÷#########.....# #.......
...#.≈.K.≈PP# ###+#.# #.......
####......≈P# #...####.....#.
#..P..P≈≈# ##.............
#.....≈≈P# #..###.##.....


You could see a ten-headed hydra and a big kobold.

Vanquished Creatures
  The ghost of grandjackal the Caller, a novice DsSu (D:5)
  Grinder (D:4)
  A hippogriff (D:8)
  2 dream sheep (D:8)
  2 yaks (D:8)
  Edmund (D:4)
  Duvessa (D:6)
  2 ice beasts
  2 sky beasts
  3 ogres
  2 phantoms (D:8)
  2 centaurs
  Blork the orc (D:4)
  2 big kobolds (D:8)
  5 bullfrogs
  Dowan (D:6)
  A gnoll sergeant (D:7)
  2 scorpions (D:7)
  2 crimson imps
  3 gnoll shamans (D:3)
  2 bullfrog zombies
  5 hounds
  2 orc priests (D:7)
  2 bullfrog skeletons
  2 centaur skeletons (D:7)
  2 iguanas
  Natasha (D:4)
  4 orc wizards
  10 worker ants
  47 gnolls
  15 adders
  A shadow imp (D:5)
  2 adder skeletons
  3 worms
  A dart slug (D:4)
  6 leopard geckos
  15 orcs
  7 bats
  10 giant cockroaches
  6 hobgoblins
  22 jackals
  4 quokkas
  A ball python (D:3)
  2 frilled lizards
  11 goblins
  5 kobolds
  8 rats
233 creatures vanquished.

Vanquished Creatures (others)
  A fungus (D:7)
1 creature vanquished.

Grand Total: 234 creatures vanquished

Notes
Turn   | Place    | Note
-------+----------+-------------------------------------------
     0 | D:1      | GlassEater the Troll Hunter began the quest for the Orb.
     0 | D:1      | Reached XP level 1. HP: 19/19 MP: 0/0
   173 | D:1      | Reached XP level 2. HP: 26/27 MP: 1/1
   688 | D:1      | Reached XP level 3. HP: 34/35 MP: 2/2
   847 | D:2      | Found a shattered altar of Ashenzari.
   887 | D:2      | Reached skill level 1 in Unarmed Combat
  1177 | D:2      | Reached XP level 4. HP: 42/42 MP: 3/3
  1642 | D:2      | Found a sparkling altar of Nemelex Xobeh.
  1685 | D:3      | Noticed an ice beast
  1690 | D:3      | Reached skill level 2 in Unarmed Combat
  1853 | D:3      | Killed an ice beast
  1853 | D:3      | Reached skill level 3 in Unarmed Combat
  1853 | D:3      | Reached XP level 5. HP: 29/49 MP: 4/4
  2143 | D:3      | Reached XP level 6. HP: 57/57 MP: 5/5
  2296 | D:3      | Reached skill level 4 in Unarmed Combat
  2312 | D:3      | HP: 1/57 [gnoll/halberd (7)]
  2424 | D:3      | Reached XP level 7. HP: 4/65 MP: 6/6
  2662 | D:3      | Reached skill level 5 in Throwing
  2920 | D:3      | Reached skill level 5 in Unarmed Combat
  3192 | D:4      | Noticed Edmund
  3207 | D:4      | Killed Edmund
  3325 | D:4      | Reached XP level 8. HP: 74/74 MP: 7/7
  3531 | D:4      | Noticed Blork the orc
  3555 | D:4      | Killed Blork the orc
  3595 | D:4      | Noticed Grinder
  3601 | D:4      | Killed Grinder
  3601 | D:4      | Reached skill level 6 in Unarmed Combat
  3673 | D:4      | Noticed Natasha
  3678 | D:4      | Killed Natasha
  3903 | D:5      | Entered Level 5 of the Dungeon
  3962 | D:5      | Found a staircase to the Ecumenical Temple.
  3970 | Temple   | Entered the Ecumenical Temple
  4214 | D:5      | Noticed grandjackal's ghost (novice DsSu)
  4227 | D:5      | Killed grandjackal's ghost
  4227 | D:5      | Reached skill level 7 in Unarmed Combat
  4508 | D:5      | Reached XP level 9. HP: 69/80 MP: 8/8
  4724 | D:6      | Noticed Dowan
  4729 | D:6      | Noticed Duvessa
  4735 | D:6      | Killed Duvessa
  4741 | D:6      | Killed Dowan
  4774 | D:6      | Gained mutation: You tend to lose your temper in combat. [potion of mutation]
  4774 | D:6      | Gained mutation: Your spells are a little harder to cast, but a little more powerful. [potion of mutation]
  4775 | D:6      | Lost mutation: You tend to lose your temper in combat. [potion of mutation]
  4775 | D:6      | Gained mutation: Your mind is acute. (Int +2) [potion of mutation]
  4775 | D:6      | Gained mutation: You are somewhat resistant to further mutation. [potion of mutation]
  4775 | D:6      | Gained mutation: You are partially covered in icy blue scales. (AC +2) [potion of mutation]
  4851 | D:6      | Found an iron altar of Okawaru.
  4923 | D:6      | Found a glowing silver altar of Zin.
  4932 | D:6      | Became a worshipper of Warmaster Okawaru
  5469 | D:7      | Reached skill level 8 in Unarmed Combat
  5504 | D:7      | Found an ornate altar of the Wu Jian Council.
  5618 | D:7      | Reached skill level 5 in Dodging
  5652 | D:7      | Found Ceal's Evil Emporium.
  5654 | D:7      | Found a burning altar of Makhleb.
  5726 | D:7      | Reached skill level 1 in Shields
  5730 | D:7      | Reached * piety under Okawaru
  5879 | D:7      | Reached skill level 9 in Unarmed Combat
  5913 | D:7      | Found a white marble altar of Elyvilon.
  6332 | D:8      | Got a thick robe
  6343 | D:8      | Identified the +1 robe of Lucesm {rCorr Slay+2} (You found it on level 8 of the Dungeon)
  6467 | D:8      | Reached XP level 10. HP: 89/89 MP: 9/9
  6508 | D:8      | Reached ** piety under Okawaru
  6729 | D:8      | Noticed a three-headed hydra
  6760 | D:8      | HP: 4/91 [ten-headed hydra (4)]
  6760 | D:8      | Mangled by a ten-headed hydra

Vault maps used:
D:1:      evilmike_arrival_home_sweet_home, hangedman_abyss_or_decor_stabs,
          minmay_tetromino_i2
D:2:      lemuel_doored_altar, nemelex_xobeh_ov_fountains_minmay, serial_glass,
          glass_columns_a, glass_columns_a
D:3:      lemuel_castle_with_subvaults
D:4:      uniq_blork_the_orc, uniq_natasha, uniq_grinder, uniq_edmund
D:5:      minmay_temple_entry_overgrown, first_bread
D:6:      minitemple, uniq_duvessa
D:7:      elyvilon_altar_1, lemuel_crystal_altar, nicolae_evil_shop
D:8:      special_room, hangedman_ranch
Temple:   eino_wide_crystal_templ

Skill      XL: |  1  2  3  4  5  6  7  8  9 10 |
---------------+-------------------------------+-----
Throwing       | 4 6 7 8 |  8.0
Dodging        | 2 3 4 5 |  5.7
Unarmed Combat | 1 3 4 5 7 9 |  9.9
Fighting       | 2 3 |  3.0
Shields        | 2 3 |  3.3
Stealth        | |  0.3

Action                   |  1- 3 |  4- 6 |  7- 9 | 10-12 || total
-------------------------+-------+-------+-------+-------++-------
Melee: Unarmed           |    59 |   219 |   357 |    75 ||   710
       Punch             |       |     1 |     3 |       ||     4
Throw: Stone             |    53 |    10 |       |       ||    63
       Tomahawk          |       |    20 |   112 |       ||   132
       Large rock        |       |       |     9 |       ||     9
  Use: Potion            |       |     6 |     2 |       ||     8
       Scroll            |       |       |    14 |       ||    14
 Stab: Sleeping          |     2 |       |     3 |       ||     5
  Eat: Chunk             |    16 |    12 |    37 |     3 ||    68
Armor: Robe              |    21 |   104 |   128 |    23 ||   276
       Skin              |       |    47 |       |       ||    47
Dodge: Dodged            |    35 |   166 |   181 |    26 ||   408
Block: Other             |     2 |    20 |    20 |       ||    42
       Reflection        |       |     1 |     3 |     1 ||     5
       Shield            |       |       |    69 |    50 ||   119
